[Event "Titled Tuesday Blitz May 31 Late 2022"]
[White "Daeschler, Florian"]
[Black "Pinheiro, Iung Alicio de O."]
[WhiteFideId "20678193"]
[BlackFideId "2104350"]
[WhiteElo "2195"]
[BlackElo "2283"]
[Result "1-0"]
[Round "10"]
[TimeControl "180+1"]
[Date "2022.06.01"]
[WhiteClock "0:00:20"]
[BlackClock "0:00:04"]

1. d4 Nf6 2. c4 g6 3. Nc3 d5 4. Bf4 Bg7 5. Rc1 c6 6. e3 O-O 7. h3 Bf5 8. Nf3 Ne4 9. cxd5 Nxc3 10. Rxc3 Qxd5 11. Bc4 Qa5 12. O-O Nd7 13. a3 e5 14. b4 Qc7 15. Bg3 Rad8 16. Rc1 Qb6 17. Qb3 exd4 18. Nxd4 Be4 19. Rfd1 Ne5 20. Be2 Bd5 21. Qc2 Rfe8 22. Bh4 Rc8 23. Nb3 Nd7 24. Bg4 f5 25. Be2 Nf6 26. Bc4 Bxc4 27. Qxc4+ Nd5 28. Nc5 h6 29. Bg3 Qd8 30. e4 fxe4 31. Nxe4 Rf8 32. Nd6 Ra8 33. Nxb7 Qb6 34. Qxc6 Qxc6 35. Rxc6 Nc3 36. Rd7 Ne2+ 37. Kh2 Nxg3 38. fxg3 Be5 39. Rxg6+ Kh8 40. Rxh6+ Kg8 41. Rg6+ Kh8 42. Nc5 Rae8 43. Ne4 1-0


[Site "https://www.chess.com"]

[Event "Titled Tuesday Blitz May 31 Late 2022"]
[White "Estrada Nieto, Julian"]
[Black "Terletsky, Oleg"]
[WhiteFideId "5101018"]
[BlackFideId "14116774"]
[WhiteElo "2252"]
[BlackElo "2064"]
[Result "1-0"]
[Round "10"]
[TimeControl "180+1"]
[Date "2022.06.01"]
[WhiteClock "0:00:06"]
[BlackClock "0:00:14"]

1. e4 e5 2. Nf3 Nc6 3. Bb5 a6 4. Ba4 Nf6 5. O-O Be7 6. Re1 b5 7. Bb3 d6 8. a4 Bg4 9. c3 b4 10. h3 Bd7 11. a5 O-O 12. d4 Rb8 13. Bc4 bxc3 14. Nxc3 exd4 15. Nxd4 Nb4 16. Bf4 Nc6 17. Nxc6 Bxc6 18. b3 Ra8 19. Qd3 Nd7 20. b4 Ne5 21. Bxe5 dxe5 22. Rab1 Qxd3 23. Bxd3 Rfb8 24. Na2 Bd6 25. Rec1 Bd7 26. Bc4 Ra7 27. Bd5 c6 28. Bxc6 Kf8 29. Bxd7 Rxd7 30. Rd1 Ke7 31. Rd5 Rdb7 32. Kf1 Kf6 33. Rxd6+ Ke7 34. Rxa6 1-0


[Site "https://www.chess.com"]

[Event "Titled Tuesday Blitz May 31 Late 2022"]
[White "Fier, Alexandr"]
[Black "Indjic, Aleksandar"]
[WhiteFideId "2107139"]
[BlackFideId "911925"]
[WhiteElo "2571"]
[BlackElo "2616"]
[Result "1/2-1/2"]
[Round "10"]
[TimeControl "180+1"]
[Date "2022.05.31"]
[WhiteClock "0:00:16"]
[BlackClock "0:00:22"]

1. d4 Nf6 2. c4 e6 3. Nc3 c5 4. d5 exd5 5. cxd5 d6 6. e4 g6 7. f4 Bg7 8. Bb5+ Nfd7 9. Nf3 a6 10. Bd3 b5 11. O-O O-O 12. a3 c4 13. Bc2 Nc5 14. f5 Nbd7 15. Bg5 Bf6 16. h4 Bxg5 17. hxg5 Re8 18. Qd2 Ne5 19. Nd4 Bd7 20. Qf4 Rf8 21. Kh1 h5 22. gxh6 g5 23. Qg3 Qf6 24. Kg1 Kh7 25. Nf3 Nxf3+ 26. gxf3 Rae8 27. Kg2 Rg8 28. Rh1 Kh8 29. h7 Rg7 30. Rh5 a5 31. Rah1 b4 32. axb4 axb4 33. Nd1 g4 34. fxg4 Nxe4 35. Qf4 Ng5 36. Rh6 Qe5 37. Qxe5 Rxe5 38. Rxd6 Re2+ 39. Kg3 Rxc2 40. Rxd7 Rxh7 41. Rxh7+ Kxh7 42. Ne3 Rc1 43. Rc7 c3 44. bxc3 bxc3 45. d6 Ne4+ 46. Kf4 Nxd6 47. g5 Kg8 48. Rc6 Nb5 49. Rc8+ Kg7 50. Ng4 Rf1+ 51. Ke5 Rxf5+ 52. Kxf5 Nd6+ 53. Kf4 Nxc8 54. Ke3 Nb6 55. Kd3 Nd5 56. Ne5 Kg8 57. Kc2 Kf8 58. Kb3 Kg7 59. Kc2 Kg8 60. Kb3 Kf8 61. Kc2 Ke7 62. g6 fxg6 63. Nxg6+ Kd6 64. Nf4 Nxf4 65. Kxc3 1/2-1/2


[Site "https://www.chess.com"]

[Event "Titled Tuesday Blitz May 31 Late 2022"]
[White "Fishbein, Alexander"]
[Black "Gurevich, Dmitry"]
[WhiteFideId "2000377"]
[BlackFideId "2000407"]
[WhiteElo "2442"]
[BlackElo "2506"]
[Result "0-1"]
[Round "10"]
[TimeControl "180+1"]
[Date "2022.05.31"]
[WhiteClock "0:00:03"]
[BlackClock "0:00:05"]

1. e4 c5 2. Nf3 d6 3. d4 cxd4 4. Nxd4 Nf6 5. Nc3 Nc6 6. Be2 g6 7. Nb3 Bg7 8. O-O a6 9. Bg5 h6 10. Be3 b5 11. a4 b4 12. Nd5 Nxd5 13. exd5 Ne5 14. a5 Bb7 15. Bb6 Qc8 16. Bd4 O-O 17. f4 Nd7 18. Bxg7 Kxg7 19. Bg4 Qc7 20. Bxd7 Qxd7 21. Qd4+ Kg8 22. f5 Rac8 23. Rae1 Rxc2 24. fxg6 e5 25. Qe4 Rxb2 26. gxf7+ Rxf7 27. Nd4 Rg7 28. Nc2 Qg4 29. Qxg4 Rxg4 30. Ne3 Bxd5 31. Rf6 Re4 32. Rxd6 Bc4 33. Rdd1 b3 34. Nf5 Rxe1+ 35. Rxe1 Rc2 36. Ne3 Rc3 37. Kf2 Bd3 38. Nd1 Rc1 39. Ne3 b2 40. Rxc1 bxc1=Q 41. Nd5 Qd2+ 42. Kg3 Qe1+ 43. Kh3 Kg7 44. g4 Be4 45. Ne3 Qxe3+ 46. Kh4 Bg2 0-1


[Site "https://www.chess.com"]

[Event "Titled Tuesday Blitz May 31 Late 2022"]
[White "Florescu, Codrut-Constantin"]
[Black "Beulen, Marcel"]
[WhiteFideId "1202200"]
[BlackFideId "1001450"]
[WhiteElo "2191"]
[BlackElo "2375"]
[Result "0-1"]
[Round "10"]
[TimeControl "180+1"]
[Date "2022.06.01"]
[WhiteClock "0:00:22"]
[BlackClock "0:00:08"]

1. d4 d5 2. Nf3 Nf6 3. c3 Bf5 4. Bf4 e6 5. e3 Nbd7 6. h3 c6 7. c4 Bxb1 8. Qxb1 Bb4+ 9. Kd1 O-O 10. Bd3 dxc4 11. Bxc4 c5 12. a3 cxd4 13. axb4 dxe3 14. Ke2 exf2 15. Kxf2 Qb6+ 16. Be3 Qxb4 17. Bd3 e5 18. Bf5 Rfe8 19. Rd1 e4 20. Bxd7 Nxd7 21. Rd4 Qe7 22. Nd2 f5 23. Kg1 Ne5 24. Qf1 Qe6 25. Nc4 Nd3 26. Nd6 Rf8 27. Bf4 Rad8 28. Rxd3 exd3 29. Qxd3 g5 30. Bh2 f4 31. Rd1 Rf6 32. h4 Rxd6 33. Qc2 g4 34. Kh1 Rxd1+ 35. Qxd1 f3 36. gxf3 gxf3 37. Qg1+ Rg6 38. Qd4 Qe1+ 39. Bg1 f2 40. Qxf2 Qxf2 41. Bxf2 Rg4 42. Kh2 Rb4 43. Kg3 a6 44. Ba7 Kf7 45. Bc5 Rxb2 46. Bd4 Rb3+ 47. Kf4 b6 48. Kf5 a5 49. Be5 a4 50. h5 a3 51. h6 a2 52. Ke4 Rh3 53. Bf4 Rh5 54. Kf3 Kg6 55. Kg4 Rxh6 0-1


[Site "https://www.chess.com"]

[Event "Titled Tuesday Blitz May 31 Late 2022"]
[White "Golubev, Mikhail"]
[Black "Harvey, Marcus R"]
[WhiteFideId "14100983"]
[BlackFideId "400092"]
[WhiteElo "2374"]
[BlackElo "2485"]
[Result "0-1"]
[Round "10"]
[TimeControl "180+1"]
[Date "2022.05.31"]
[WhiteClock "0:00:01"]
[BlackClock "0:00:09"]

1. e4 e5 2. Nf3 Nf6 3. Nc3 Nc6 4. d4 exd4 5. Nxd4 Bb4 6. Nxc6 bxc6 7. Bd3 O-O 8. O-O Re8 9. Bg5 h6 10. Bh4 d5 11. exd5 Bxc3 12. bxc3 cxd5 13. Qd2 Qd6 14. Rfe1 Rxe1+ 15. Rxe1 Bb7 16. Bg3 Qd7 17. h3 c5 18. Be5 Ne8 19. Qe3 Rc8 20. Qf3 d4 21. Qf5 Qxf5 22. Bxf5 Rd8 23. cxd4 cxd4 24. Rd1 g6 25. Bg4 h5 26. Be2 Rc8 27. Bd3 Rc5 28. Bxd4 Ra5 29. Bc4 Nd6 30. Bb3 Ra6 31. Be5 Ne8 32. Rd8 Kf8 33. Bc4 Ke7 34. Rd3 Ra4 35. Bb3 Ra5 36. Re3 Ra6 37. Bd4+ Kf8 38. Bc5+ Nd6 39. Rd3 Ke7 40. Rxd6 Rxd6 41. Bxd6+ Kxd6 42. Bxf7 Be4 43. c3 h4 44. f3 Bb1 45. Kf2 Ke5 46. Ke3 g5 47. Bb3 a5 48. a3 Bf5 49. Bc4 Bd7 50. Bd3 Bc6 51. Be4 Bb5 52. Bd3 Ba4 53. Be4 Bb5 54. Bc2 Bf1 55. Be4 Bxg2 56. c4 Bxh3 57. c5 Bc8 58. c6 h3 59. Kf2 g4 60. Kg3 a4 0-1


[Site "https://www.chess.com"]

[Event "Titled Tuesday Blitz May 31 Late 2022"]
[White "Goncalves, Ivan Mesquita V"]
[Black "Ozsakallioglu, Okan"]
[WhiteFideId "2114224"]
[BlackFideId "6367011"]
[WhiteElo "2299"]
[BlackElo "2003"]
[Result "1-0"]
[Round "10"]
[TimeControl "180+1"]
[Date "2022.05.31"]
[WhiteClock "0:00:10"]
[BlackClock "0:00:06"]

1. d4 Nf6 2. Nf3 g6 3. Bf4 Bg7 4. e3 d6 5. Nc3 O-O 6. Qd2 c5 7. d5 Na6 8. h4 h5 9. e4 Nc7 10. a4 a6 11. a5 Rb8 12. Bh6 b5 13. axb6 Rxb6 14. Bxg7 Kxg7 15. b3 Nb5 16. Bd3 Nxc3 17. Qxc3 Rb4 18. Nd2 e5 19. f3 Qb6 20. Nc4 Qc7 21. Ne3 Qb6 22. Bc4 a5 23. Qd2 Qc7 24. Ra3 Bd7 25. O-O Ra8 26. Rfa1 Be8 27. Nf5+ gxf5 28. Qg5+ Kf8 29. Qxf6 f4 30. Qh6+ Ke7 31. Qxh5 f6 32. Qh7+ Bf7 33. h5 Rbb8 34. Qf5 Rh8 35. h6 Rxh6 36. Kf2 Rh5 37. Qg4 Rg8 38. Rxa5 Rxg4 39. Ra7 Rxg2+ 40. Kxg2 Qxa7 41. Rxa7+ Kf8 42. Rd7 Rg5+ 43. Kf2 f5 44. Rxd6 fxe4 45. fxe4 Rg3 46. Be2 Re3 47. Rf6 Ke7 48. Rf5 Rxe4 49. Bf3 Re3 50. c4 Bg6 51. Rg5 Kf6 52. Rg1 Rxb3 53. Rd1 Rb2+ 54. Kg1 e4 55. Bg4 Kg5 56. d6 Be8 57. d7 Bxd7 58. Bxd7 f3 59. Rd5+ Kf4 60. Rf5+ Ke3 61. Bc6 f2+ 62. Kg2 Rb6 63. Rf6 Rxc6 64. Rxc6 Ke2 65. Rf6 e3 66. Rf3 Kd2 67. Rf5 Kd1 68. Rd5+ Ke1 69. Rf5 Ke2 70. Rf3 Kd3 71. Rf5 Kxc4 72. Kf1 Kd3 73. Rd5+ Kc4 74. Rd8 Kb3 75. Ke2 c4 76. Rb8+ Kc2 77. Rf8 c3 78. Kxe3 Kb2 79. Kd3 f1=Q+ 80. Rxf1 c2 81. Rf2 1-0


[Site "https://www.chess.com"]

[Event "Titled Tuesday Blitz May 31 Late 2022"]
[White "Grischuk, Alexander"]
[Black "Ivic, Velimir"]
[WhiteFideId "4126025"]
[BlackFideId "950122"]
[WhiteElo "2762"]
[BlackElo "2610"]
[Result "0-1"]
[Round "10"]
[TimeControl "180+1"]
[Date "2022.05.31"]
[WhiteClock "0:00:02"]
[BlackClock "0:00:04"]

1. d4 Nf6 2. c4 g6 3. Nc3 d5 4. cxd5 Nxd5 5. e4 Nxc3 6. bxc3 Bg7 7. Nf3 c5 8. h3 O-O 9. Be2 b6 10. Be3 Bb7 11. Qd3 cxd4 12. cxd4 Ba6 13. Qd2 Bb7 14. e5 Bd5 15. h4 h5 16. Rg1 Nc6 17. g4 hxg4 18. Rxg4 Qd7 19. Rg3 Rad8 20. Rd1 Qf5 21. Bd3 Be4 22. Bxe4 Qxe4 23. Qe2 Qf5 24. Rg5 Qh3 25. h5 Bh6 26. hxg6 Bxg5 27. gxf7+ Rxf7 28. Nxg5 Qh1+ 29. Kd2 Qh4 30. Nxf7 Nxd4 31. Nxd8 Nxe2 32. Kxe2 Qc4+ 33. Kf3 Qxa2 34. Rd7 Kf8 35. e6 Qa5 36. Ke4 Qa4+ 37. Kd5 Qb5+ 38. Ke4 Qc4+ 39. Ke5 Qb5+ 40. Rd5 Qb2+ 41. Rd4 a5 42. Nf7 a4 43. Kf5 Qc2+ 44. Kg5 Kg7 45. Ne5 a3 46. Rd7 a2 47. Rxe7+ Kg8 48. Re8+ Kg7 49. Re7+ Kg8 50. Ra7 Qb2 51. Kf6 a1=Q 52. Rxa1 Qxa1 53. e7 Qa4 54. Bxb6 Qe8 55. Ke6 Qc8+ 56. Kd6 Qe8 57. f4 Qb8+ 58. Kd7 Qb7+ 59. Bc7 Qd5+ 60. Bd6 Qb5+ 61. Nc6 Qf5+ 62. Kd8 Qf6 63. Be5 Qh4 64. Kd7 Qg4+ 65. Kd8 Qh4 66. Bd6 Kf7 67. Ne5+ Ke6 68. Kc7 Qh5 69. Nd7 Qe8 70. Nc5+ Kd5 71. Nb7 Qc6+ 72. Kb8 Qe8+ 73. Kc7 Ke6 74. Nc5+ Kd5 75. Nd7 Ke6 76. Bc5 Qxd7+ 77. Kb6 Qe8 0-1


[Site "https://www.chess.com"]

[Event "Titled Tuesday Blitz May 31 Late 2022"]
[White "Hansen, Eric"]
[Black "Zhigalko, Sergei"]
[WhiteFideId "2606771"]
[BlackFideId "13502956"]
[WhiteElo "2568"]
[BlackElo "2662"]
[Result "1-0"]
[Round "10"]
[TimeControl "180+1"]
[Date "2022.05.31"]
[WhiteClock "0:00:01"]
[BlackClock "0:00:01"]

1. d4 Nf6 2. c4 e6 3. Nc3 Bb4 4. e3 O-O 5. Bd2 b6 6. Nge2 d5 7. a3 Bd6 8. cxd5 exd5 9. b4 Re8 10. Ng3 Bb7 11. Bb5 Nbd7 12. O-O g6 13. Qb3 h5 14. h3 a6 15. Bd3 b5 16. a4 c6 17. a5 Qc7 18. Rac1 Rad8 19. f4 Qb8 20. Qb1 Kg7 21. Kh1 Re7 22. e4 dxe4 23. Ncxe4 h4 24. Ne2 Nxe4 25. Bxe4 Nf6 26. Bf3 Rde8 27. Nc3 Bxf4 28. Bxf4 Qxf4 29. Bxc6 Qg3 30. Bxb7 Rxb7 31. Rf3 Qg5 32. Rcf1 Nh5 33. Ne4 Qd5 34. Nf6 Nxf6 35. Rxf6 Qxd4 36. Qb3 Rf8 37. Qf3 Re7 38. Rxa6 Qe4 39. Qf6+ Kg8 40. Rb6 Re5 41. a6 Qc4 42. a7 1-0


[Site "https://www.chess.com"]

[Event "Titled Tuesday Blitz May 31 Late 2022"]
[White "Harish, Neeraj"]
[Black "Necula, Iulian"]
[WhiteFideId "30958130"]
[BlackFideId "1232380"]
[WhiteElo "1574"]
[BlackElo "1776"]
[Result "1/2-1/2"]
[Round "10"]
[TimeControl "180+1"]
[Date "2022.06.01"]
[WhiteClock "0:00:01"]
[BlackClock "0:00:03"]

1. e4 c5 2. Nf3 Nc6 3. d4 cxd4 4. Nxd4 g6 5. c4 Bg7 6. Be3 Qb6 7. Nb5 Qa5+ 8. Bd2 Qd8 9. Bc3 f6 10. Nd2 a6 11. Nd4 Nh6 12. Be2 O-O 13. O-O e5 14. Nc2 Qe7 15. Ne3 Nd4 16. Nd5 Qd8 17. Bxd4 exd4 18. Nf3 f5 19. e5 d6 20. exd6 Qxd6 21. Nxd4 Qe5 22. Nf3 Qxb2 23. Rb1 Qxa2 24. Nb6 Rb8 25. Qd5+ Kh8 26. Ng5 Qxe2 27. Rfe1 Qg4 28. Nf3 f4 29. h3 Qh5 30. Qxh5 gxh5 31. Nxc8 Rbxc8 32. Rxb7 Rxc4 33. Ree7 Bc3 34. Rxh7+ Kg8 35. Rxh6 Rf7 36. Rg6+ Kh7 37. Rxf7+ Kxg6 38. Ra7 a5 39. Kh2 Re4 40. g3 Re2 41. Kg2 fxg3 42. Kxg3 h4+ 43. Nxh4+ Kh5 44. Rh7+ Kg5 45. Rg7+ Kf6 46. Rg6+ Kf7 47. Ra6 Be1 48. Ra7+ Ke6 49. Kg4 Bxf2 50. Ra6+ Kd7 51. Nf5 Kc7 52. h4 Bxh4 53. Nxh4 Re4+ 54. Kg3 Kb7 55. Rxa5 Re3+ 56. Kf4 Rb3 57. Nf5 Rb4+ 58. Ke5 Kb6 59. Rd5 Rb5 60. Rxb5+ Kxb5 1/2-1/2


[Site "https://www.chess.com"]

[Event "Titled Tuesday Blitz May 31 Late 2022"]
[White "Hess, Robert"]
[Black "Romanchuk, Viktor"]
[WhiteFideId "2022036"]
[BlackFideId "14109271"]
[WhiteElo "2557"]
[BlackElo "2242"]
[Result "1-0"]
[Round "10"]
[TimeControl "180+1"]
[Date "2022.05.31"]
[WhiteClock "0:01:26"]
[BlackClock "0:00:05"]

1. b3 d5 2. Bb2 c6 3. d3 Bf5 4. Nd2 e6 5. h3 h6 6. Ngf3 Nd7 7. g4 Bg6 8. Rg1 Ngf6 9. g5 hxg5 10. Nxg5 Bd6 11. Nxe6 fxe6 12. Rxg6 Kf7 13. Rg1 Be5 14. d4 Bh2 15. Rg2 Bd6 16. Nf3 Qf8 17. Qd3 Ke7 18. Ne5 Bxe5 19. dxe5 Ne4 20. f3 Nec5 21. Qe3 Rh5 22. O-O-O Qf7 23. Rd4 Rah8 24. Rf4 Qg8 25. Ba3 b6 26. b4 Rxe5 27. Qc3 Nb7 28. Rfg4 g5 29. f4 Re4 30. Rxg5 Qf8 31. Qxc6 Qxf4+ 32. e3 Qxf1+ 33. Kd2 Rh7 34. Qxb7 Qb5 35. Rg7+ Rxg7 36. Rxg7+ Kd6 37. Rxd7+ Qxd7 38. b5+ Ke5 39. Qxd7 1-0


[Site "https://www.chess.com"]

[Event "Titled Tuesday Blitz May 31 Late 2022"]
[White "Hosseinzadeh, Nima"]
[Black "Papasimakopoulos, Alexandros"]
[WhiteFideId "12505323"]
[BlackFideId "4244125"]
[WhiteElo "2066"]
[BlackElo "2340"]
[Result "0-1"]
[Round "10"]
[TimeControl "180+1"]
[Date "2022.05.31"]
[WhiteClock "0:00:02"]
[BlackClock "0:00:18"]

1. e4 e6 2. d4 d5 3. Nc3 Bb4 4. e5 b6 5. Qg4 Bf8 6. h4 h5 7. Qf4 Ne7 8. Nf3 Ba6 9. Bxa6 Nxa6 10. Ng5 Nf5 11. Ne2 Nb4 12. Qd2 c5 13. c3 Nc6 14. Qf4 Be7 15. O-O g6 16. Ng3 Bxg5 17. hxg5 Nce7 18. Rd1 cxd4 19. cxd4 Qd7 20. Nxf5 Nxf5 21. a4 O-O 22. Bd2 Rfc8 23. Bc3 Rc4 24. f3 Rxa4 25. Rxa4 Qxa4 26. Rd2 Qa1+ 27. Kh2 Qe1 28. g4 Ne3 29. gxh5 Nf1+ 30. Kg2 Nxd2 31. Bxd2 Qe2+ 32. Kg3 gxh5 33. g6 fxg6 34. Qf6 h4+ 35. Kh3 Qf1+ 36. Kxh4 Qh1+ 37. Kg3 Qg1+ 38. Kh3 Rf8 39. Qxe6+ Kh8 40. Qg4 Qf1+ 41. Kg3 Qg1+ 42. Kh3 Qh1+ 43. Kg3 Kg7 44. Bg5 Qg1+ 45. Kh3 Rh8+ 46. Bh4 Qxg4+ 47. Kxg4 Kf7 48. Bf6 Rh2 49. f4 Rxb2 0-1


[Site "https://www.chess.com"]

[Event "Titled Tuesday Blitz May 31 Late 2022"]
[White "Ibarra Jerez, Jose Carlos"]
[Black "Kollars, Dmitrij"]
[WhiteFideId "2226332"]
[BlackFideId "12909572"]
[WhiteElo "2626"]
[BlackElo "2584"]
[Result "1-0"]
[Round "10"]
[TimeControl "180+1"]
[Date "2022.05.31"]
[WhiteClock "0:00:17"]
[BlackClock "0:00:03"]

1. Nf3 Nf6 2. g3 g6 3. b3 Bg7 4. Bb2 O-O 5. Bg2 d5 6. c4 Nc6 7. cxd5 Nxd5 8. d4 Bg4 9. Nbd2 Nb6 10. h3 Be6 11. e3 Qc8 12. Ne4 Bd5 13. Nc3 Bxf3 14. Bxf3 Rd8 15. Qe2 Qf5 16. Be4 Qd7 17. Bg2 e5 18. d5 Ne7 19. Rd1 Nbc8 20. O-O Nd6 21. e4 h5 22. h4 a6 23. Kh2 Nec8 24. Bh3 Qe7 25. a4 Na7 26. Ba3 Qe8 27. Rc1 Bf8 28. Bb2 Bg7 29. Nd1 c6 30. Ne3 Bh6 31. Qf3 Bxe3 32. Qxe3 Qe7 33. Rcd1 Ne8 34. f4 exf4 35. Qxf4 cxd5 36. Qh6 f6 37. Qxg6+ Qg7 38. Be6+ Kh8 39. Qxh5+ Qh7 40. Rxf6 1-0


[Site "https://www.chess.com"]

[Event "Titled Tuesday Blitz May 31 Late 2022"]
[White "Jarocka, Liwia"]
[Black "Janaszak, Dawid"]
[WhiteFideId "21807558"]
[BlackFideId "1119206"]
[WhiteElo "1887"]
[BlackElo "2199"]
[Result "0-1"]
[Round "10"]
[TimeControl "180+1"]
[Date "2022.05.31"]
[WhiteClock "0:00:05"]
[BlackClock "0:00:28"]

1. e4 c5 2. Nf3 Nc6 3. d4 cxd4 4. Nxd4 g6 5. Nc3 Bg7 6. Be3 Nf6 7. f3 O-O 8. Bc4 e6 9. Bb3 d5 10. exd5 Nxd5 11. Nxd5 exd5 12. O-O Re8 13. Bf2 Qg5 14. Kh1 Be5 15. Nxc6 bxc6 16. Re1 Ba6 17. c3 Qh5 18. Bg1 Re6 19. Qd2 Rae8 20. Rad1 Qh4 21. Qf2 Qh5 22. Qd2 R8e7 23. Qf2 Bb8 24. Rxe6 Rxe6 25. Re1 Qf5 26. Rxe6 Qxe6 27. Qe3 Qd7 28. Qd4 Qe7 29. Qe3 Kf8 30. Qxe7+ Kxe7 31. Bc5+ Kd7 32. Kg1 Kc7 33. Kf2 Kb7 34. h3 Bc7 35. Ke3 h5 36. Kd4 Bf1 37. g4 Bxh3 38. gxh5 gxh5 39. Ke3 Be6 40. Kf2 h4 41. Kg1 h3 42. Bf2 Bf4 43. Bd1 a5 44. Be2 Bf5 45. Bf1 h2+ 46. Kh1 a4 47. c4 Be5 48. b3 a3 49. cxd5 cxd5 50. Bc5 Bb2 51. Kxh2 Bb1 52. Kg3 Bxa2 53. Kf4 Bxb3 54. Bxa3 Bxa3 55. Ke5 Be7 56. Bd3 Kc6 57. f4 Bc4 58. Bc2 Bd6+ 59. Kf6 Bxf4 60. Kxf7 d4+ 61. Kf6 d3 62. Bd1 Kd5 63. Kf5 Be3 64. Kg4 Kd4 65. Kf3 Bd5+ 66. Kg3 Kc3 67. Bh5 Kd2 68. Kh4 Ke1 69. Kg3 d2 70. Bg4 Bc4 0-1


[Site "https://www.chess.com"]

[Event "Titled Tuesday Blitz May 31 Late 2022"]
[White "Jones, Gawain C B"]
[Black "Rostovtsev, Dmitry"]
[WhiteFideId "409561"]
[BlackFideId "34278320"]
[WhiteElo "2657"]
[BlackElo "2274"]
[Result "0-1"]
[Round "10"]
[TimeControl "180+1"]
[Date "2022.05.31"]
[WhiteClock "0:00:08"]
[BlackClock "0:00:07"]

1. c4 e5 2. Nf3 Nc6 3. d4 exd4 4. Nxd4 Bb4+ 5. Bd2 Bxd2+ 6. Qxd2 Nf6 7. Nc3 O-O 8. g3 Ne5 9. b3 d5 10. cxd5 Nxd5 11. Bg2 Nxc3 12. Qxc3 c6 13. O-O Qe7 14. e4 Rd8 15. f4 Nd7 16. e5 Qc5 17. Qxc5 Nxc5 18. Nf3 Bf5 19. Nh4 Be4 20. Bxe4 Nxe4 21. Rae1 Nc3 22. Nf5 Nxa2 23. Nd6 Rd7 24. Re4 Nc3 25. Rb4 b5 26. Rf3 c5 27. Rxb5 Nxb5 28. Nxb5 Rd1+ 29. Kg2 Rd2+ 30. Kh3 a6 31. Nd6 Rb8 32. Rc3 Rd5 33. Kg4 Kf8 34. Ne4 Ke7 35. Kf3 Rb5 36. Ke3 h6 37. g4 f6 38. Nd6 Rxd6 39. exd6+ Kxd6 40. Rd3+ Kc6 41. Ke4 g6 42. f5 Rb4+ 43. Kf3 g5 44. h3 h5 45. Re3 Kd5 46. Re6 Rxb3+ 47. Kg2 hxg4 48. hxg4 c4 49. Rxf6 c3 50. Rf8 Rb4 51. Rd8+ Ke5 52. Rc8 Rxg4+ 53. Kf3 Rf4+ 54. Ke3 Kxf5 55. Rxc3 Ra4 56. Rc5+ Kg6 57. Kf3 Kh5 58. Kg3 Ra3+ 59. Kg2 a5 60. Rc4 a4 61. Kh2 Ra1 62. Kg3 a3 63. Ra4 Kg6 64. Ra6+ Kf5 65. Ra5+ Ke4 66. Ra8 Kd4 67. Rd8+ Kc3 68. Rc8+ Kb3 69. Rb8+ Ka2 70. Rb5 Rb1 71. Re5 Rb3+ 72. Kg4 Kb2 73. Re2+ Kc1 74. Re1+ Kd2 75. Rh1 Kc2 76. Rh2+ Kb1 77. Rh1+ Ka2 78. Kxg5 Rb2 79. Rh3 Rb3 80. Rh2+ Ka1 81. Rh1+ Rb1 82. Rh2 a2 83. Kf4 Re1 84. Rh8 Re2 85. Kf3 Rc2 86. Rb8 Rb2 87. Rh8 Rb1 88. Rh2 Rb2 89. Rh1+ Rb1 90. Rh2 Re1 91. Kf2 Re6 92. Rh8 Rb6 93. Ke3 Kb2 94. Rh1 a1=Q 95. Rh2+ Ka3 96. Re2 Qa2 97. Kf2 Qxe2+ 98. Kxe2 Rb4 99. Kd3 Rb3+ 100. Kd4 Kb4 101. Kd5 Rc3 102. Ke4 Rc4+ 103. Kd3 Kc5 0-1


[Site "https://www.chess.com"]

[Event "Titled Tuesday Blitz May 31 Late 2022"]
[White "Jumabayev, Rinat"]
[Black "Diaz Rosas, Julio Cesar"]
[WhiteFideId "13702661"]
[BlackFideId "5105099"]
[WhiteElo "2561"]
[BlackElo "2278"]
[Result "1-0"]
[Round "10"]
[TimeControl "180+1"]
[Date "2022.05.31"]
[WhiteClock "0:00:09"]
[BlackClock "0:00:08"]

1. h3 e5 2. e4 Nc6 3. Nf3 Nf6 4. Nc3 Bc5 5. Bc4 a5 6. d3 d6 7. a3 Ba7 8. Be3 O-O 9. O-O h6 10. Bxa7 Rxa7 11. d4 Qe7 12. Re1 Ra8 13. Nd5 Qd8 14. c3 Re8 15. Qd3 Bd7 16. Rad1 Nh5 17. Qd2 Be6 18. Bb5 exd4 19. cxd4 Bxd5 20. exd5 Rxe1+ 21. Rxe1 Ne7 22. g4 Nf6 23. g5 hxg5 24. Nxg5 Nexd5 25. Qd3 c6 26. Bc4 Qd7 27. Bxd5 cxd5 28. Qd2 Qf5 29. Re7 Ne4 30. Nxe4 dxe4 31. Rxb7 Qxh3 32. Qf4 Qe6 33. Rb6 Rd8 34. Ra6 Qd5 35. Qd2 Ra8 36. Rxa8+ Qxa8 37. Qg5 d5 38. Qe7 a4 39. Qd7 g6 40. Kg2 Qa5 41. Qe8+ Kg7 42. Qe5+ Kg8 43. Qe8+ Kg7 44. Qd7 e3 45. fxe3 Qd2+ 46. Kf3 Qd1+ 47. Kf4 Qf1+ 48. Ke5 Qf6+ 49. Kxd5 Qg5+ 50. Kc4 Qxe3 51. Qxa4 Qe2+ 52. Kc5 Qe7+ 53. Kc4 Qe2+ 54. Kc3 Qe1+ 55. Kd3 Qf1+ 56. Kc2 Qe2+ 57. Kb1 Qd3+ 58. Ka2 g5 59. Qd7 Kg6 60. Qd6+ f6 61. a4 Qc4+ 62. Ka3 Qd3+ 63. b3 Qc3 64. Qc5 Qa1+ 65. Kb4 g4 66. Qc2+ f5 67. Qd2 Qf1 68. d5 Qa6 69. d6 Qb7+ 70. Ka3 Qd7 71. Qf4 Kf6 72. a5 Ke6 73. a6 Qb5 74. Qc4+ Qxc4 75. bxc4 g3 76. a7 g2 77. a8=Q g1=Q 78. Qd5+ Kd7 79. c5 Qe3+ 80. Kb4 Qe1+ 81. Kc4 Qc1+ 82. Kd4 Qf4+ 83. Kd3 Qg3+ 84. Kc2 Qf2+ 85. Kc3 Qe3+ 86. Kc4 Qc1+ 87. Kd4 Qf4+ 88. Kd3 Qg3+ 89. Kc2 Qf2+ 90. Kb3 Qe3+ 91. Kb4 Qe1+ 92. Ka4 Qa1+ 93. Kb5 Qb1+ 94. Ka6 Qa1+ 95. Kb6 Qb2+ 96. Ka5 Qa3+ 97. Kb5 Qb2+ 98. Ka4 Qc2+ 99. Kb4 Qb2+ 100. Qb3 Qd4+ 101. Kb5 f4 102. Qf7+ Kd8 103. Qe7+ Kc8 104. Qc7# 1-0


[Site "https://www.chess.com"]

[Event "Titled Tuesday Blitz May 31 Late 2022"]
[White "Kamsky, Gata"]
[Black "Bortnyk, Olexandr"]
[WhiteFideId "2000024"]
[BlackFideId "14120828"]
[WhiteElo "2645"]
[BlackElo "2723"]
[Result "1/2-1/2"]
[Round "10"]
[TimeControl "180+1"]
[Date "2022.05.31"]
[WhiteClock "0:00:08"]
[BlackClock "0:00:09"]

1. d4 d6 2. Nf3 Nf6 3. Bg5 Nbd7 4. Nbd2 e5 5. dxe5 dxe5 6. e3 h6 7. Bh4 Bd6 8. Nc4 Qe7 9. Nxd6+ cxd6 10. Be2 Nc5 11. Nd2 O-O 12. O-O Bf5 13. f3 d5 14. e4 dxe4 15. fxe4 Bg6 16. Bxf6 gxf6 17. Bd3 Rfd8 18. Qe2 Rac8 19. Nb3 Ne6 20. g3 a5 21. a4 Rd6 22. h4 Kg7 23. Kh2 b6 24. Rf2 h5 25. Raf1 Nd4 26. Nxd4 exd4 27. Rf4 Qe5 28. Qf2 Re8 29. Qf3 Rh8 30. Rf2 Rc8 31. Kg1 Rh8 32. Kh2 Rc8 33. b3 Re8 34. Re2 Red8 35. Rf2 Rh8 36. Kg1 Rc8 37. Kh2 Rc3 38. Qe2 Rc7 39. Qf3 Rc8 40. Kg1 Rdc6 41. Kh2 Rd8 42. Kg1 Rcd6 43. Kh2 Rb8 44. Kg1 Qe7 45. Kh2 Rc8 46. Kg1 Rc5 47. Kh2 Re5 48. Kg1 Rde6 49. Kh2 Qd8 50. Re2 Rc6 51. Rf2 Rd6 52. Qg2 Qe7 53. Qf3 Rde6 54. Kg1 Bxe4 55. Bxe4 Rxe4 56. Qxh5 Rxf4 57. Rxf4 Re1+ 58. Kg2 Qe2+ 59. Qxe2 Rxe2+ 60. Rf2 Re1 61. Rd2 Rc1 62. Kf3 f5 63. Rxd4 Rxc2 64. Kf4 Rf2+ 65. Ke3 Rb2 66. Rd3 Kg6 67. Kf4 f6 68. Rc3 Rf2+ 69. Ke3 Rf1 70. Ke2 Rb1 71. Kf3 Kh5 72. Kf4 Kg6 73. Rd3 Rb2 74. Re3 Rf2+ 75. Rf3 Rg2 76. Re3 Rg1 77. Kf3 Rf1+ 78. Kg2 Rb1 79. Kf3 Rb2 80. Rd3 Rc2 81. Re3 Rc1 82. Rd3 Rc5 83. Re3 b5 84. axb5 Rxb5 85. Rd3 Rb4 86. Re3 f4 87. gxf4 Kf5 88. Kg3 Rb8 89. Kf3 Rh8 90. Rd3 Rxh4 91. Rd5+ Kg6 92. Rxa5 Rh3+ 93. Kg4 Rxb3 94. Ra6 Rb4 95. Rc6 Rb1 96. Rd6 Rg1+ 97. Kf3 Kf5 98. Rd5+ Ke6 99. Ra5 Rf1+ 100. Ke4 f5+ 101. Ke3 Re1+ 102. Kf3 Rb1 103. Ke3 Rb3+ 104. Ke2 Kf6 105. Kf2 Kg6 106. Ke2 Rb4 107. Kf3 Rb6 108. Kg3 Rc6 109. Kf3 Rf6 110. Kg3 Kh5 111. Kf3 Kg6 112. Kg3 Rb6 113. Kf3 Rb3+ 114. Kf2 Kh5 115. Rxf5+ Kg4 116. Rf8 Rf3+ 117. Ke2 Rxf4 118. Rxf4+ Kxf4 1/2-1/2


[Site "https://www.chess.com"]